 Dungeon Crawl Stone Soup version 0.17-a0-1115-g0372368 (webtiles) character file.

614 Hanyuu the Insei (level 7, 0/48 HPs)
             Began as an Octopode Transmuter on May 23, 2015.
             Was an Initiate of Makhleb.
             Slain by a slave (2 damage)
             ... led by Pikel
             ... on level 5 of the Dungeon.
             The game lasted 00:15:11 (5201 turns).

Hanyuu the Insei (Octopode Transmuter)              Turns: 5201, Time: 00:15:11

Health: 0/48       AC:  2    Str: 14    XL:     7   Next: 44%
Magic:  5/10       EV: 19    Int: 18    God:    Makhleb [......]
Gold:   166        SH:  0    Dex: 17    Spells: 3 memorised, 4 levels left

rFire  + . .     SeeInvis +       - Unarmed
rCold  x . .     Clarity  .     (shield currently unavailable)
rNeg   + . .     SustAt   .     (helmet currently unavailable)
rPois  x         Gourm    .     (no amulet)
rElec  .         Spirit   .     e - ring of stealth
rCorr  .         Warding  .     j - +5 ring of strength
rMut   .         Stasis   .     k - ring of fire
MR     .....                    n - ring of stealth
Stlth  ++++......               r - ring of see invisible
                                u - ring of positive energy
                                (no ring)
                                (no ring)

@: spider-form, not resistant to hostile enchantments, stealthy
A: almost no armour, amphibious, 8 rings, (constrict 8), (camouflage 0),
(gelatinous body 0)
a: End Transformation, Renounce Religion


You were on level 5 of the Dungeon.
You worshipped Makhleb.
Makhleb was noncommittal.
You were not hungry.
You were a venomous arachnid creature.
You visited 1 branch of the dungeon, and saw 5 of its levels.

You collected 166 gold pieces.

Inventory:

Hand weapons
 a - a +0 blowgun
Missiles
 i - 4 curare-tipped needles
 v - 22 poisoned needles
 w - 71 arrows
Jewellery
 e - a ring of stealth (left front leg)
 j - a +5 ring of strength (right front leg)
 k - a ring of fire (on tentacle)
 n - a ring of stealth (on tentacle)
 r - a ring of see invisible (on tentacle)
 u - a ring of positive energy (on tentacle)
Magical devices
 p - a wand of fire (5)
Scrolls
 l - a scroll of teleportation
 o - 2 scrolls of magic mapping
 t - a scroll of recharging
 y - 3 scrolls of identify
Potions
 g - 2 potions of heal wounds
 x - 2 potions of flight
 z - a potion of curing {unknown}
Books
 b - a book of Changes

   Spells                             Type                      Level
   a - Beastly Appendage              Transmutation                1
   b - Sticks to Snakes               Transmutation                2
   c - Spider Form                    Transmutation/Poison         3
   d - Ice Form                       Ice/Transmutation            4
   e - Blade Hands                    Transmutation                5
Comestibles
 c - 3 bread rations
 d - a meat ration
 f - 2 royal jellies
 h - 2 slices of pizza
 m - a beef jerky
 q - 5 fruits
 s - 6 chunks of flesh


   Skills:
 - Level 4.0 Fighting
 + Level 1.4 Throwing
 - Level 2.0 Dodging
 * Level 6.5 Unarmed Combat
 - Level 2.0 Spellcasting
 + Level 3.4 Transmutations


You had 4 spell levels left.
You knew the following spells:

 Your Spells              Type           Power        Failure   Level  Hunger
a - Beastly Appendage     Trmt           ##....       17%         1    #......
b - Sticks to Snakes      Trmt           ##........   24%         2    ###....
c - Spider Form           Trmt/Pois      #.........   52%         3    ###....


Dungeon Overview and Level Annotations

Branches:
Dungeon (5/15)
 Temple: D:4-7

Altars:
Elyvilon
Makhleb
Ru
Yredelemnul
Zin

Shops:
D:4 =

Annotations:
D:5 Blork the orc, Pikel


Innate Abilities, Weirdness & Mutations

You cannot wear most types of armour.
You are amphibious.
You can wear up to eight rings at the same time.
((You can use your tentacles to constrict eight enemies at once.))
((Your skin changes colour to match your surroundings (Stealth).))
((Your rubbery body absorbs attacks (AC +1).))


Message History

Confirm with . or Enter, or press ? or * to list all spells.
You turn into a venomous arachnid creature.
Blork the orc casts a spell at you. The puff of frost hits you!
You feel a terrible chill!
* * * LOW HITPOINT WARNING * * *
Pikel hits you but does no damage.
The teleport trap disappears.
Blork the orc disappears!
Your transformation is almost over.
The slave barely misses you. The slave closely misses you.
Pikel says, "I'm sure the Orcish Mines are around here somewhere..."
The slave hits you.
* * * LOW HITPOINT WARNING * * *
Your transformation has ended.
Casting: Spider Form
Confirm with . or Enter, or press ? or * to list all spells.
You turn into a venomous arachnid creature.
The slave completely misses you. The slave hits you.
You die...

.....##..รท##
#.......pp## ....#
###..###.....###..## #..#
##.........# ##..## #..
##........## ##..## ##
##....#..p## ##..##
#....###.p## #...#
##....# ##..###..>##
#.....## ##...#....#
#..#..s## #.......)####
....####.p####...........
..... ##..K..p..........
..... #.........(......
..... ##........(..[...
### #................
..................
....####..........# ....#
##........##


You could see Pikel and a slave.

Vanquished Creatures
  An ogre (D:4)
  The ghost of HEYYEYAAE the Shield-Bearer, an average OpFi (D:3)
  An orc priest (D:3)
  2 hounds
  2 orc wizards (D:3)
  2 worker ants
  3 gnolls
  10 adders
  5 worms
  4 giant geckos
  13 orcs
  A ball python (D:2)
  13 bats
  2 bat skeletons
  A bat zombie (D:5)
  3 giant cockroaches
  11 goblins
  6 hobgoblins
  3 jackals (D:3)
  5 giant newts
  10 kobolds
  A quokka skeleton (D:4)
  12 rats
112 creatures vanquished.

Notes
Turn   | Place    | Note
--------------------------------------------------------------
     0 | D:1      | Hanyuu the Octopode Transmuter began the quest for the Orb.
     0 | D:1      | Reached XP level 1. HP: 13/13 MP: 3/3
    84 | D:1      | Reached XP level 2. HP: 11/18 MP: 5/5
   691 | D:1      | Reached XP level 3. HP: 23/23 MP: 6/6
   700 | D:1      | Learned a level 2 spell: Sticks to Snakes
   704 | D:1      | Learned a level 3 spell: Spider Form
   925 | D:2      | Reached skill level 4 in Unarmed Combat
  1887 | D:2      | Reached XP level 4. HP: 9/29 MP: 3/7
  2667 | D:3      | Reached XP level 5. HP: 24/35 MP: 8/8
  2674 | D:3      | Reached skill level 5 in Unarmed Combat
  2980 | D:3      | Reached XP level 6. HP: 23/42 MP: 3/9
  3432 | D:3      | Noticed HEYYEYAAE's ghost (average OpFi)
  3445 | D:3      | Killed HEYYEYAAE's ghost
  3915 | D:4      | HP: 2/42 [goblin/stone (3)]
  4136 | D:4      | Reached skill level 6 in Unarmed Combat
  4248 | D:4      | Found Puon's Jewellery Shoppe.
  4261 | D:4      | Found a basalt altar of Yredelemnul.
  4354 | D:4      | Found a sacrificial altar of Ru.
  4516 | D:4      | Found a glowing silver altar of Zin.
  4519 | D:4      | Found a white marble altar of Elyvilon.
  4522 | D:4      | Found a burning altar of Makhleb.
  4527 | D:4      | Became a worshipper of Makhleb the Destroyer
  4615 | D:4      | Reached XP level 7. HP: 45/47 MP: 10/10
  4856 | D:4      | Reached skill level 1 in Throwing
  4991 | D:5      | Entered Level 5 of the Dungeon
  5162 | D:5      | Noticed Blork the orc
  5163 | D:5      | Noticed Pikel
  5182 | D:5      | HP: 1/48 [Blork the orc/puff of frost (15)]
  5192 | D:5      | HP: 1/48 [slave[Pikel] (2)]
  5201 | D:5      | Slain by a slave

Vault maps used:
D:1:      dpeg_arrival_stone_temple_mockup, minmay_misc_feat_room
D:3:      kennysheep_generic_room_10
D:4:      nicolae_overflow_hidden_temple, grunt_temple_overflow_diamond,
          old_standard_altar, first_bread, serial_shops,
          nicolae_shop_competitors_out_of_business
D:5:      temple_hall, minivault_1, uniq_blork_the_orc, uniq_pikel

Action                   |  1- 3 |  4- 6 |  7- 9 || total
-------------------------+-------+-------+-------++-------
Melee: Unarmed           |    92 |   119 |    25 ||   236
 Fire: Blowgun           |       |    10 |    10 ||    20
 Cast: Beastly Appendage |     3 |     4 |       ||     7
       Sticks to Snakes  |     2 |       |       ||     2
       Spider Form       |       |     4 |     3 ||     7
  Use: Scroll            |     6 |     3 |     2 ||    11
       Potion            |       |     4 |       ||     4
 Stab: Sleeping          |     6 |    10 |     4 ||    20
       Distracted        |       |     1 |       ||     1
  Eat: Chunk             |     3 |     9 |     2 ||    14
       Fruit             |       |     1 |       ||     1
